 Dungeon Crawl Stone Soup version 0.29-a0-1006-g0dd7720b37 (webtiles) character file.

Game seed: 880193010446973224

390 xian the Conjurer (level 6, -5/46 HPs)
             Began as a Demonspawn Wanderer on Aug 6, 2022.
             Was an Initiate of Gozag.
             Killed by nerve-wracking pain
             ... invoked by Menkaure
              (14 damage)
             ... on level 4 of the Dungeon.
             The game lasted 00:10:38 (4620 turns).

xian the Conjurer (Demonspawn Wanderer)             Turns: 4620, Time: 00:10:43

Health: -5/46      AC:  3    Str: 11    XL:     6   Next: 50%
Magic:  4/9        EV: 11    Int: 13    God:    Gozag
Gold:   367        SH: 10    Dex: 16    Spells: 7/9 levels left

rFire   x . .      SeeInvis .   g - +1 short sword (drain)
rCold   + . .      Faith    .   n - +2 kite shield
rNeg    . . .      Spirit   .   e - +0 robe {Archmagi}
rPois   .          Reflect  .   (helmet restricted)
rElec   .          Harm     .   (no cloak)
rCorr   .          Rampage  .   d - +0 pair of gloves
Will    +....      Archmagi +   (no boots)
Stlth   ++........              (no amulet)
HPRegen 0.15/turn               c - ring of willpower
MPRegen 0.11/turn               k - ring of ice

@: no status effects
A: horns 2
a: Renounce Religion, Potion Petition, Call Merchant, Bribe Branch


You were on level 4 of the Dungeon.
You worshipped Gozag.
Gozag was aware of your devotion.
You visited 2 branches of the dungeon, and saw 5 of its levels.

You collected 434 gold pieces.
You paid 67 gold pieces to Gozag.

Inventory:

Hand Weapons
 g - a +1 short sword of draining (weapon)
Missiles
 s - a throwing net
 t - a javelin
Armour
 d - a +0 pair of gloves (worn)
 e - a +0 robe of the Archmagi (worn)
 j - a +0 plate armour
 n - a +2 kite shield (worn)
Jewellery
 c - a ring of willpower (left hand)
 k - a ring of ice (right hand)
Wands
 a - a wand of roots (6)
 r - a wand of flame (26)
Scrolls
 f - 2 scrolls of teleportation
 l - 3 scrolls of vulnerability
 m - a scroll of amnesia
 o - a scroll of fog
Potions
 b - 3 potions of heal wounds
 h - 2 potions of attraction
 i - a potion of flight
 p - a potion of brilliance
 q - a potion of cancellation


   Skills:
 + Level 2.7 Fighting
 + Level 2.5 Short Blades
 + Level 3.2 Dodging
 + Level 1.7 Stealth
 * Level 1.1 Shields
 + Level 2.0 Spellcasting
 + Level 4.1 Conjurations
 + Level 1.7 Transmutations
 + Level 0.6 Air Magic


You had 7 spell levels left.
You knew the following spells:

 Your Spells              Type           Power      Damage    Failure   Level
a - Beastly Appendage     Tmut           16%        N/A       38%         1
b - Shock                 Conj/Air       44%        1d5       32%         1

Your spell library contained the following spells:

 Spells                   Type           Power      Damage    Failure   Level
 Mephitic Cloud           Conj/Pois/Air  8%         N/A       80%         3
 Spider Form              Tmut/Pois      5%         N/A       88%         3
 Hailstorm                Conj/Ice       15%        3d5       98%         4
 Blade Hands              Tmut           4%         N/A       100%        5
 Irradiate                Conj/Tmut      6%         3d13      100%        5
 Dragon Form              Tmut           4%         N/A       100%        7


Dungeon Overview and Level Annotations

Branches:
Dungeon (4/15)             Temple (1/1) D:4

Altars:
Ashenzari
Gozag
Trog
Uskayaw
Wu Jian

Shops:
D:4 (

Annotations:
D:4 Menkaure


Innate Abilities, Weirdness & Mutations

You have a pair of horns on your head.


Message History

Menkaure is heavily damaged.
You feel a surge of power!
The zap hits Menkaure but does no damage.
Menkaure is heavily damaged.
You hit Menkaure but do no damage. You headbutt Menkaure.
Menkaure is severely damaged.
Menkaure calls on the powers of darkness!
Your body is wracked with pain!
You barely miss Menkaure.
Menkaure is severely damaged.
Menkaure closely misses you. Menkaure barely misses you.
You hit Menkaure. Your headbutt misses Menkaure.
Menkaure is severely damaged.
Menkaure hits you!
* * * LOW HITPOINT WARNING * * *
You closely miss Menkaure.
Menkaure is severely damaged.
Menkaure closely misses you.
You barely miss Menkaure.
Menkaure is severely damaged.
You block Menkaure's attack. Menkaure barely misses you.
You hit Menkaure but do no damage.
Menkaure is severely damaged.
Menkaure calls on the powers of darkness!
Your body is wracked with pain!
* * * LOW HITPOINT WARNING * * *
You hit Menkaure but do no damage.
Menkaure is severely damaged.
You block Menkaure's attack. Menkaure closely misses you.
You hit Menkaure.
Menkaure is almost destroyed.
You block Menkaure's attack.
You hit Menkaure but do no damage.
You headbutt Menkaure, but do no damage.
Menkaure is almost destroyed.
Menkaure shouts, "You disturbed my rest!
Die!"
Menkaure points at you and mumbles some strange words.
Pain shoots through your body!
You die...
Your body crumbles into a pile of gold.

#.......#.
#.).....#.
#.......'.
#########.......#.
#...............#.
#.#########...####
#.# ##...... #.#
#####.. #@# #..
#M# ### #.# #.#
#.# #.# #.# #.#


You could see Menkaure (fast).

Vanquished Creatures
  Sigmund (D:3)
  A necrophage (D:3)
  Jessica (D:2)
  An iguana (D:4)
  5 adders
  3 dart slugs
  8 endoplasms
  2 giant cockroaches
  6 goblins
  8 hobgoblins
  2 jackals (D:2)
  2 quokkas
  3 training dummies (D:4)
  7 ball pythons
  4 bats
  6 frilled lizards
  5 kobolds
  3 rats
68 creatures vanquished.

Notes
Turn   | Place    | Note
-------+----------+-------------------------------------------
     0 | D:1      | xian the Demonspawn Wanderer began the quest for the Orb.
     0 | D:1      | xian set off with the following items: a +0 dagger, a
                  | potion of heal wounds, a +0 robe, a +0 pair of gloves; and
                  | the following spells available to memorise: Shock, Beastly
                  | Appendage, Mephitic Cloud, Spider Form, Hailstorm.
     0 | D:1      | Reached XP level 1. HP: 16/16 MP: 2/2
     2 | D:1      | Learned a level 1 spell: Beastly Appendage
   349 | D:1      | Gained mutation: You have a pair of small horns on your
                  | head. [demonic ancestry]
   349 | D:1      | Reached XP level 2. HP: 22/22 MP: 3/3
  1566 | D:2      | Gained mutation: You have a pair of horns on your head.
                  | [demonic ancestry]
  1566 | D:2      | Reached XP level 3. HP: 16/27 MP: 1/4
  1822 | D:2      | Noticed Jessica
  1836 | D:2      | Killed Jessica
  2000 | D:2      | Learned a level 1 spell: Shock
  2128 | D:2      | Reached skill level 1 in Short Blades
  2128 | D:2      | Reached XP level 4. HP: 33/33 MP: 2/5
  2772 | D:3      | Noticed a necrophage
  2791 | D:3      | Killed a necrophage
  2792 | D:3      | Reached skill level 4 in Conjurations
  2792 | D:3      | Reached XP level 5. HP: 13/39 MP: 7/7
  2861 | D:3      | Found an opulent altar of Gozag.
  3207 | D:3      | Became a worshipper of Gozag Ym Sagoz the Greedy
  3370 | D:3      | Found a hide-covered altar of Uskayaw.
  3449 | D:3      | Found a faded altar of an unknown god.
  3517 | D:3      | Noticed Sigmund
  3533 | D:3      | Killed Sigmund
  3534 | D:3      | Reached XP level 6. HP: 34/46 MP: 1/8
  4058 | D:4      | Found an ornate altar of the Wu Jian Council.
  4097 | D:4      | Found a staircase to the Ecumenical Temple.
  4108 | D:4      | Reached skill level 1 in Shields
  4112 | Temple   | Entered the Ecumenical Temple
  4290 | D:4      | Found a broken altar of Ashenzari.
  4365 | D:4      | Found Foek Rum's Firing Range.
  4605 | D:4      | Noticed Menkaure
  4620 | D:4      | Killed from afar by Menkaure

Illustrated notes

Levels and vault maps discovered:
D:1:      dpeg_arrival_tiny_k, layout_loops_ring, nicolae_figureground_pulse
D:2:      layout_basic, minmay_lizard_pond, uniq_jessica
D:3:      layout_loops_ring, nicolae_uskayaw_suspiria,
          mainiacjoe_overflow_surrounded_room, basic_ecumenical_altar,
          uniq_sigmund
D:4:      layout_rooms, evilmike_ruin_ashenzari, lemuel_round_altar,
          grunt_temple_overflow_octagram, temple_green,
          nicolae_shop_firing_range, uniq_menkaure
Temple:   nicolae_temple_superstar

Skill      XL: |  1  2  3  4  5  6 |
---------------+-------------------+-----
Dodging        | 2 3 |  3.2
Short Blades   | 1 2 |  2.5
Conjurations   | 4 |  4.1
Shields        | 1 |  1.1
Spellcasting   | 2 |  2.0
Fighting       | |  2.7
Stealth        | |  1.7
Transmutations | |  1.7
Air Magic      | |  0.6

Action                   |  1- 3 |  4- 6 || total
-------------------------+-------+-------++-------
Melee: Dagger            |    97 |       ||    97
       Kick              |     9 |     2 ||    11
       Headbutt          |    12 |    19 ||    31
       Short sword       |    14 |   133 ||   147
 Cast: Beastly Appendage |     5 |     2 ||     7
       Shock             |     2 |    22 ||    24
  Use: Scroll            |     3 |     6 ||     9
       Potion            |       |     1 ||     1
 Stab: Sleeping          |     1 |       ||     1
       Distracted        |       |     1 ||     1
Armor: Robe              |    34 |    11 ||    45
Dodge: Dodged            |    84 |    67 ||   151
Block: Kite shield       |       |    51 ||    51

Table legend: (Time is in decaauts)
 A = Elapsed time spent in this place.
 B = Non-inter-level travel time spent in this place.
 C = Inter-level travel time spent in this place.
 D = Time resting spent in this place.
 E = Time spent auto-exploring this place.
 F = Levels seen in this place.
 G = Mean time per level.
                   A        B        C        D        E       F      G
               +--------+--------+--------+--------+--------+-----+--------+
         Total |   4626 |   4549 |     77 |      0 |   3574 |   5 |  925.2 |
       Dungeon |   4464 |   4387 |     77 |      0 |   3424 |   4 | 1116.0 |
        Temple |    161 |    161 |      0 |      0 |    150 |   1 |  161.0 |
               +--------+--------+--------+--------+--------+-----+--------+

Top non-repeatable levels by time:
     D:2: 1371 daAuts
     D:1: 1235 daAuts
     D:3: 1207 daAuts
     D:4: 650 daAuts
  Temple: 161 daAuts
